 Dungeon Crawl Stone Soup version 0.27-a0-637-g3a9f0a9c12 (webtiles) character file.

Game seed: 11691538084230156622

118 Johnny the Magician (level 4, 0/25 HPs)
             Began as a Deep Elf Earth Elementalist on Mar 14, 2021.
             Slain by a hound (2 damage)
             ... on level 4 of the Dungeon.
             The game lasted 00:02:52 (3369 turns).

Johnny the Magician (Deep Elf Earth Elementalist)   Turns: 3369, Time: 00:02:53

Health: 0/25       AC:  2    Str:  5    XL:     4   Next: 72%
Magic:  1/12       EV: 12    Int: 21    God:
Gold:   107        SH:  5    Dex: 15    Spells: 7/11 levels left

rFire    . . .     SeeInvis .   o - +1 dagger (pain)
rCold    . . .     Faith    .   (no shield)
rNeg     . . .     Spirit   .   c - +0 robe
rPois    .         Reflect  +   (no helmet)
rElec    .         Harm     .   (no cloak)
rCorr    .         Rampage  .   (no gloves)
Will     .....                  (no boots)
Stlth    ++........             i - amulet of reflection
HPRegen  0.08/turn              (no ring)
MPRegen  0.13/turn              (no ring)

@: very slightly contaminated
A: no striking features
a: no special abilities


You were on level 4 of the Dungeon.
You visited 1 branch of the dungeon, and saw 4 of its levels.

You collected 107 gold pieces.

Inventory:

Hand Weapons
 d - a +0 short sword
 o - a +1 dagger of pain (weapon)
Missiles
 b - a stone
Armour
 c - a +0 robe (worn)
 e - a +0 kite shield
Jewellery
 i - an amulet of reflection (around neck)
Potions
 f - a potion of flight {unknown}
 j - a potion of lignification {unknown}
 k - 2 potions of curing
 l - a potion of attraction {unknown}
 n - a potion of might {unknown}


   Skills:
 + Level 1.6 Fighting
 - Level 2.4 Dodging
 - Level 2.4 Stealth
 + Level 1.3 Shields
 + Level 4.4 Spellcasting
 - Level 1.1 Transmutations
 + Level 4.2 Earth Magic


You had 7 spell levels left.
You knew the following spells:

 Your Spells              Type           Power      Damage    Failure   Level
a - Sandblast             Erth           44%        2d11      1%          1
b - Stone Arrow           Conj/Erth      26%        3d8       14%         3

Your spell library contained the following spells:

 Spells                   Type           Power      Damage    Failure   Level
 Passwall                 Tmut/Erth      12%        N/A       6%          2
 Petrify                  Tmut/Erth      15%        N/A       36%         4
 Lee's Rapid Deconstruct  Erth           11%        3d9*      50%         5


Dungeon Overview and Level Annotations

Branches:
Dungeon (4/15)
 Temple: D:4-7

Altars:

Annotations:
D:3 Natasha


Message History

Confirm with . or Enter, or press ? or * to list all spells.
The spell is quite dangerous to cast (14% risk of failure)!
Continue anyway?
Aiming: Stone Arrow (quite dangerous; 14% risk of failure)
Press: ? - help, Shift-Dir - straight line, f/p - hound
Aim: a hound (heavily wounded, 44% to evade)
The stone arrow misses the hound.
The hound barely misses you.
A worker ant comes into view.
Casting: Stone Arrow (quite dangerous; 14% risk of failure)
Confirm with . or Enter, or press ? or * to list all spells.
The spell is quite dangerous to cast (14% risk of failure)!
Continue anyway?
Aiming: Stone Arrow (quite dangerous; 14% risk of failure)
Press: ? - help, Shift-Dir - straight line, f/p - hound
Aim: a hound (heavily wounded, 44% to evade)
The stone arrow misses the hound.
The hound closely misses you. You block the hound's attack.
You barely miss the hound.
The hound is heavily wounded.
The hound bites you but does no damage.
You hit the hound.
The hound is heavily wounded.
The hound bites you but does no damage. The hound barely misses you.
You hit the hound but do no damage.
The hound is heavily wounded.
The hound bites you. The hound bites you.
* * * LOW HITPOINT WARNING * * *
The hound bites you.
* * * LOW HITPOINT WARNING * * *
As you read the scroll labelled DATEININES, it crumbles to dust.
You feel aware of your surroundings.
You sensed 3 altars, and 1 shop/portal.
It was a scroll of magic mapping.
The hound bites you.
* * * LOW HITPOINT WARNING * * *
As you read the scroll labelled OQODETHR MUIX, it crumbles to dust.
It is a scroll of identify.
k - 2 potions of curing The hound stops to sniff the ground.
The hound bites you.
* * * LOW HITPOINT WARNING * * *
The hound bites you.
You die...

*,,,,,,,....,,,,,,,,,,,
*,,,,,,....#,,,*,,,*,,,
*,,,,,,...,,,,,,,,,,,,,
******...,,************
######.####### **
#......#.....# *,
#....#*#.....# *,
#....###.....# *,
#...Bh@......####### *#
#....###...........####
#..<.# #.....#####...##
#....# #.....# ###...
###### #.....# ####
#.....# # #.....# #
####### #


You could see a hound and a worker ant.

Vanquished Creatures
  A worker ant (D:2)
  2 adders
  An ooze (D:1)
  3 dart slugs
  5 orcs (D:3)
  2 giant cockroaches (D:1)
  7 goblins
  8 hobgoblins
  5 jackals (D:1)
  A quokka (D:3)
  2 ball pythons (D:2)
  4 bats
  4 frilled lizards
  5 kobolds
  A quokka skeleton (D:4)
  10 rats
61 creatures vanquished.

Vanquished Creatures (others)
  4 plants (D:3)
4 creatures vanquished.

Grand Total: 65 creatures vanquished

Notes
Turn   | Place    | Note
-------+----------+-------------------------------------------
     0 | D:1      | Johnny the Deep Elf Earth Elementalist began the quest for
                  | the Orb.
     0 | D:1      | Reached XP level 1. HP: 10/10 MP: 6/6
    68 | D:1      | You fall into a shaft and drop 1 floor!
   664 | D:2      | Reached XP level 2. HP: 4/16 MP: 6/8
  1117 | D:1      | Reached skill level 1 in Fighting
  1321 | D:1      | Reached XP level 3. HP: 17/20 MP: 8/10
  2234 | D:2      | Reached skill level 1 in Shields
  2346 | D:2      | Reached XP level 4. HP: 3/25 MP: 3/12
  3184 | D:3      | Noticed Natasha
  3293 | D:4      | Learned a level 3 spell: Stone Arrow
  3369 | D:4      | Slain by a hound

Illustrated notes

Levels and vault maps discovered:
D:1:      nagdon_arrival_double_spiral, layout_basic
D:2:      cheibrodos_old_hovel, layout_basic, kennysheep_doodads,
          grunt_ministairs_12
D:3:      cheibrodos_helix_gallery, layout_basic,
          nicolae_hepliaklqana_hazy_memory, gup_sewer_entry_bowl, uniq_natasha
D:4:      layout_rooms, nicolae_gozag_zags_fifth_avenue,
          lemuel_coloured_pillars_altar, kennysheep_mini

Skill      XL: |  1  2  3 |
---------------+----------+-----
Fighting       | 1 |  1.6
Shields        | 1 |  1.3
Spellcasting   | 4 |  4.4
Earth Magic    | 4 |  4.2
Dodging        | |  2.4
Stealth        | |  2.4
Transmutations | |  1.1

Action                   |  1- 3 |  4- 6 || total
-------------------------+-------+-------++-------
Melee: Unarmed           |     9 |       ||     9
       Short sword       |    67 |    12 ||    79
       Dagger            |       |    15 ||    15
 Cast: Sandblast         |    38 |    19 ||    57
       Stone Arrow       |       |     3 ||     3
  Use: Scroll            |       |     3 ||     3
       Potion            |       |     2 ||     2
 Stab: Sleeping          |     5 |     1 ||     6
Armor: Robe              |    12 |    12 ||    24
Dodge: Dodged            |    60 |    35 ||    95
Block: Other             |    13 |    12 ||    25
       Reflection        |     1 |       ||     1

Table legend: (Time is in decaauts)
 A = Elapsed time spent in this place.
 B = Non-inter-level travel time spent in this place.
 C = Inter-level travel time spent in this place.
 D = Time resting spent in this place.
 E = Time spent auto-exploring this place.
 F = Levels seen in this place.
 G = Mean time per level.
                   A        B        C        D        E       F      G
               +--------+--------+--------+--------+--------+-----+--------+
         Total |   3410 |   3281 |    129 |    505 |   2324 |   4 |  852.5 |
       Dungeon |   3410 |   3281 |    129 |    505 |   2324 |   4 |  852.5 |
               +--------+--------+--------+--------+--------+-----+--------+

Top non-repeatable levels by time:
     D:2: 1739 daAuts
     D:1: 1329 daAuts
     D:3: 221 daAuts
     D:4: 119 daAuts
